 Dungeon Crawl Stone Soup version 0.18-a0-960-g77c8fc5 (webtiles) character file.

225 Sodium1970 the Covered (level 6, -1/48 HPs)
             Began as a Human Fighter on Dec 31, 2015.
             Succumbed to kobold's curare-tipped needle
             ... on level 3 of the Dungeon.
             The game lasted 00:11:30 (4328 turns).

Sodium1970 the Covered (Human Fighter)              Turns: 4328, Time: 00:11:30

Health: -1/48      AC:  9    Str: 18    XL:     6   Next: 21%
Magic:  6/6        EV:  5    Int:  9    God:
Gold:   143        SH:  9    Dex: 12    Spells: 0 memorised, 5 levels left

rFire  . . .     SeeInvis .     a - +0 long sword
rCold  . . .     Gourm    .     h - +0 chain mail
rNeg   . . .     Faith    .     c - +0 shield
rPois  .         Spirit   .     (no helmet)
rElec  .         Dismiss  .     (no cloak)
rCorr  .         Reflect  .     (no gloves)
SustAt .         Harm     .     (no boots)
MR     .....                    (no amulet)
Stlth  ..........               (no ring)
                                (no ring)

@: lethally poisoned (-1 -> -36), slowed, very slow, not resistant to hostile
enchantments, extremely unstealthy
A: no striking features
a: no special abilities


You were on level 3 of the Dungeon.
You were not hungry.

You visited 1 branch of the dungeon, and saw 3 of its levels.

You collected 143 gold pieces.

Inventory:

Hand Weapons
 a - a +0 long sword (weapon)
 i - a +0 quarterstaff of holy wrath
Armour
 c - a +0 shield (worn)
 h - a +0 chain mail (worn)
Jewellery
 l - an uncursed ring of protection from magic {unknown}
 m - an uncursed amulet of harm {unknown}
 r - an uncursed amulet of regeneration {unknown}
Wands
 e - a wand of digging (17/24)
Scrolls
 f - a scroll of blinking {unknown}
 g - a scroll of amnesia {unknown}
 n - a scroll of identify {unknown}
 p - 2 scrolls of magic mapping {unknown}
 q - a scroll of remove curse {unknown}
 s - a scroll of teleportation {unknown}
Potions
 b - 2 potions of cure mutation {unknown}
 d - 4 potions of might
 j - a potion of invisibility {unknown}
 o - a potion of curing


   Skills:
 + Level 3.7 Fighting
 + Level 3.0 Long Blades
 + Level 4.1 Armour
 + Level 1.9 Dodging
 + Level 0.4 Stealth
 + Level 4.1 Shields


You had 5 spell levels left.
You didn't know any spells.

Dungeon Overview and Level Annotations

Branches:
Dungeon (3/15)

Altars:


Message History

You feel as though you will be slow longer.
The kobold shoots a curare-tipped needle.
The curare-tipped needle hits you.
You are more poisoned.
You have difficulty breathing.
* * * LOW HITPOINT WARNING * * *
You feel as though you will be slow longer.
You see here 2 curare-tipped needles.
* * * LOW HITPOINT WARNING * * *
You feel very sick.
The kobold shoots a curare-tipped needle.
You block the curare-tipped needle.
You see here a curare-tipped needle.
* * * LOW HITPOINT WARNING * * *
You feel very sick.
The kobold unwields an uncursed blowgun.
The kobold wields an uncursed short sword.
The kobold hits you but does no damage. x2
You closely miss the kobold.
You die...

#
......##........#.......
######.##........#.......
..........######.#.......
........(.# #.#.......
........(.# #)#.......
..........# #.#.......
........(.# #.#.......
#......(## #.#.......
#......@#######'#'######
#......K#.............##
#####...'.............#.
.. #####.............#.
.. #.............#. ..
#.....#.#######. ###
#.....#.# #. ..#
#.....#.# #. #.#
#.....#.# #.


You could see a kobold.

Vanquished Creatures
  An orc wizard (D:3)
  A hound skeleton (D:3)
  7 adders
  An ooze (D:3)
  4 worms
  4 giant geckos
  7 orcs (D:3)
  4 giant cockroaches
  5 goblins
  10 hobgoblins
  7 jackals
  6 quokkas
  9 bats
  4 giant newts
  10 kobolds
  18 rats
98 creatures vanquished.

Notes
Turn   | Place    | Note
--------------------------------------------------------------
     0 | D:1      | Sodium1970 the Human Fighter began the quest for the Orb.
     0 | D:1      | Reached XP level 1. HP: 18/18 MP: 1/1
   148 | D:1      | Reached XP level 2. HP: 12/24 MP: 2/2
   767 | D:1      | Reached XP level 3. HP: 27/29 MP: 3/3
  1325 | D:2      | HP: 1/29 [poisoned by an adder]
  1328 | D:2      | Reached XP level 4. HP: 13/35 MP: 4/4
  2427 | D:2      | Reached XP level 5. HP: 25/41 MP: 5/5
  2604 | D:2      | Reached skill level 1 in Dodging
  3122 | D:3      | Reached skill level 4 in Shields
  3461 | D:3      | Reached XP level 6. HP: 36/47 MP: 6/6
  4328 | D:3      | Succumbed to kobold's curare-tipped needle

Vault maps used:
D:1:      erik_arrival_orb_chamber, serial_bayou_lagoon_a, kennysheep_boxes
D:3:      kennysheep_generic_room_4

Action                   |  1- 3 |  4- 6 || total
-------------------------+-------+-------++-------
Melee: Long sword        |   173 |   312 ||   485
  Use: Potion            |     2 |       ||     2
  Eat: Fruit             |     2 |     1 ||     3
       Bread ration      |       |     2 ||     2
       Pizza             |       |     1 ||     1
